 Dungeon Crawl Stone Soup version 0.21.1-1-g345015f (webtiles) character file.

4513 Vno the Cleaver (level 10, 0/90 HPs)
             Began as a Minotaur Berserker on June 2, 2018.
             Was a Priest of Trog.
             Slain by Erolcha
             ... wielding a cursed -3 giant club
              (26 damage)
             ... while paralysed by Erolcha
             ... on level 9 of the Dungeon on July 1, 2018.
             The game lasted 01:01:41 (8112 turns).

Vno the Cleaver (Minotaur Berserker)                Turns: 8112, Time: 01:01:42

Health: 0/90       AC: 15    Str: 25    XL:     10   Next: 16%
Magic:  3/3        EV:  2    Int:  4    God:    Trog [***...]
Gold:   391        SH:  0    Dex: 10    Spells: 9/9 levels left

rFire    . . .     SeeInvis .   e - +2 battleaxe (antimagic)
rCold    . . .     Gourm    .   (shield currently unavailable)
rNeg     . . .     Faith    .   p - +0 chain mail
rPois    .         Spirit   .   (helmet restricted)
rElec    .         Reflect  +   h - scarf {repulsion}
rCorr    .         Harm     .   b - +2 pair of gloves
MR       .....                  r - +0 pair of boots
Stlth    ..........             w - +3 amulet of reflection
HPRegen  0.25/turn              J - +2 ring of protection
MPRegen  0.08/turn              (no ring)

@: paralysed, starving, repel missiles
A: retaliatory headbutt, horns 2
a: Berserk, Trog's Hand, Burn Spellbooks, Renounce Religion


You were on level 9 of the Dungeon.
You worshipped Trog.
Trog was most pleased with you.
You were starving.

You visited 1 branch of the dungeon, and saw 9 of its levels.
You also visited: Ossuary.

You collected 421 gold pieces.
You spent 30 gold pieces at shops.

Inventory:

Hand Weapons
 a - a +0 mace
 e - a +2 antimagic battleaxe (weapon)
 B - a +3 war axe of electrocution
 D - a +2 quarterstaff of chaos
 E - the +1 mace of Zodinnix {drain, Str+3}
   (You found it on level 4 of the Dungeon)

   A truly terrible weapon, it drains the life of those it strikes.
   It affects your strength (+3).
Armour
 b - a +2 pair of gloves (worn)
 h - a scarf of repulsion (worn)
 i - a +0 plate armour
 p - a +0 chain mail (worn)
 r - a +0 pair of boots (worn)
Jewellery
 j - an uncursed amulet of faith
 s - an uncursed ring of ice
 w - a +3 amulet of reflection (around neck)
 J - a +2 ring of protection (left hand)
Wands
 o - a wand of iceblast (8)
 I - a wand of flame (17)
 L - a wand of paralysis (14)
Scrolls
 f - 3 scrolls of fog
 k - a scroll of brand weapon {unknown}
 q - 4 scrolls of blinking
 u - 3 scrolls of teleportation
 y - 2 scrolls of vulnerability {unknown}
 G - a scroll of noise {unknown}
 H - 3 scrolls of remove curse
Potions
 d - 5 potions of haste
 g - a potion of cancellation
 l - 3 potions of berserk rage
 m - 4 potions of flight
 t - 3 potions of resistance
 v - 5 potions of lignification
 x - 2 potions of degeneration {unknown}
 z - 5 potions of curing {unknown}
 A - a potion of invisibility {unknown}
 C - 3 potions of brilliance {unknown}
 K - a potion of magic {unknown}
Comestibles
 c - 12 rations


   Skills:
 + Level 8.8 Fighting
 * Level 14.0(14.4) Axes
 - Level 5.9(11.0) Maces & Flails
 - Level 3.2 Armour
 - Level 3.1 Dodging


You had 9 spell levels left.
You didn't know any spells.

Dungeon Overview and Level Annotations

Branches:
Dungeon (9/15)             Temple (0/1) D:4
   Lair: D:8-11         Orc: D:9-12

Altars:
Trog
Xom

Shops:
D:5 [=?[!   D:8 *

Annotations:
D:9 Erolcha


Innate Abilities, Weirdness & Mutations

You reflexively headbutt those who attack you in melee.
You have a pair of horns on your head.


Message History

You're too hungry.
You are starving!
You hit Erolcha.
Erolcha's magic leaks into the air.
Erolcha is lightly wounded.
Erolcha closely misses you. You furiously retaliate!
You headbutt Erolcha! You slash Erolcha!
Erolcha's magic leaks into the air.
You headbutt Erolcha.
Erolcha is heavily wounded.
You slash Erolcha!
Erolcha's magic leaks into the air.
Erolcha is almost dead.
Erolcha points at you and mumbles some strange words.
You suddenly lose the ability to move!
Erolcha hits you with a giant club! x2
* * * LOW HITPOINT WARNING * * *
An ice beast comes into view.
Erolcha falters for a moment.
Erolcha gestures at you while chanting.
The orb of energy is repelled.
Erolcha tries to grin evilly.
Erolcha hits you with a giant club!!
You die...

.# ################
... .............. #
...###..........## ..
#.............[.#.#
#...............
#.%@........#
##.O.†.....##
##...#)...## #
#...........## .#
#..Y...p.....###..##
#..........#........
............#........
..[....#......###..##
...........## .#


You could see Erolcha, an ice beast and a neutral freed slave (wandering).

Vanquished Creatures
  Pikel (D:9)
  Joseph (D:8)
  A wraith (Ossuary)
  A hungry ghost (D:9)
  Eustachio (D:5)
  Edmund (D:4)
  2 water moccasins
  2 orc warriors (D:8)
  A slave (D:9)
  An eye of draining (D:8)
  2 ice beasts (D:5)
  A centaur (D:5)
  5 ogres
  3 big kobolds (D:4)
  5 bullfrogs
  A wyvern skeleton (D:9)
  A scorpion (D:5)
  4 wights (D:7)
  2 howler monkeys (D:5)
  A bullfrog zombie (D:8)
  4 crimson imps
  4 hounds
  6 orc wizards
  4 orc priests
  Crazy Yiuf (D:4)
  A jelly (D:9)
  3 iguanas
  Terence (D:2)
  2 worker ants
  A killer bee zombie (D:8)
  A hound skeleton (D:9)
  A mummy (Ossuary)
  13 gnolls
  4 adders
  6 worms
  4 dart slugs
  3 leopard geckos
  17 orcs
  2 ball pythons
  5 bats
  6 giant cockroaches
  26 goblins
  22 hobgoblins
  8 jackals
  3 quokkas
  4 frilled lizards
  7 gnoll skeletons (Ossuary)
  2 goblin zombies (D:7)
  A jackal skeleton (D:3)
  10 kobolds
  8 kobold skeletons (Ossuary)
  10 orc skeletons (Ossuary)
  A quokka zombie (D:7)
  10 rats
  2 plants (D:3)
240 creatures vanquished.

Vanquished Creatures (others)
  A slave (D:9)
  2 jackals (D:9)
3 creatures vanquished.

Grand Total: 243 creatures vanquished

Notes
Turn   | Place    | Note
-------+----------+-------------------------------------------
     0 | D:1      | Vno the Minotaur Berserker began the quest for the Orb.
     0 | D:1      | Reached XP level 1. HP: 19/19 MP: 0/0
   488 | D:1      | Reached XP level 2. HP: 23/27 MP: 1/1
  1334 | D:2      | Reached XP level 3. HP: 33/33 MP: 2/2
  1399 | D:2      | Noticed Terence
  1416 | D:2      | Killed Terence
  1543 | D:2      | Reached ** piety under Trog
  1543 | D:2      | Reached XP level 4. HP: 33/41 MP: 3/3
  1612 | D:2      | Reached skill level 5 in Maces & Flails
  1798 | D:3      | Noticed a bullfrog
  1809 | D:3      | Killed a bullfrog
  1809 | D:3      | Reached XP level 5. HP: 43/47 MP: 4/4
  2416 | D:3      | Found a bloodstained altar of Trog.
  2708 | D:4      | Found a staircase to the Ecumenical Temple.
  2759 | D:4      | Reached skill level 5 in Fighting
  2759 | D:4      | Reached skill level 2 in Axes
  2759 | D:4      | Reached XP level 6. HP: 43/56 MP: 5/5
  2883 | D:4      | Reached *** piety under Trog
  3033 | D:4      | Reached skill level 3 in Axes
  3073 | D:4      | Reached skill level 4 in Axes
  3089 | D:4      | Reached skill level 5 in Axes
  3095 | D:4      | Reached XP level 7. HP: 42/61 MP: 6/6
  3195 | D:4      | Reached skill level 6 in Axes
  3349 | D:4      | Reached **** piety under Trog
  3536 | D:4      | Found a shimmering altar of Xom.
  3558 | D:4      | Noticed Edmund
  3564 | D:4      | Killed Edmund
  3564 | D:4      | Reached skill level 7 in Axes
  3743 | D:4      | Found a runed door.
  4022 | D:4      | Noticed Crazy Yiuf
  4029 | D:4      | Killed Crazy Yiuf
  4037 | D:4      | Got a crystal mace
  4039 | D:4      | Identified the +1 mace of Zodinnix {drain, Str+3} (You found it on level 4 of the Dungeon)
  4292 | D:5      | Entered Level 5 of the Dungeon
  4310 | D:5      | Reached skill level 8 in Axes
  4357 | D:5      | Reached XP level 8. HP: 70/70 MP: 7/7
  4362 | D:5      | Found Foupucw's Jewellery Boutique.
  4493 | D:5      | Found Yzot's Armour Shoppe.
  4582 | D:5      | Reached skill level 9 in Axes
  4652 | D:5      | Noticed Eustachio
  4658 | D:5      | Killed Eustachio
  4661 | D:5      | Reached skill level 10 in Axes
  4713 | D:5      | Found Uqyab's Armour Boutique.
  4733 | D:5      | Found Tadiate's Distillery.
  4770 | D:5      | Found Pocin's Magic Scroll Shop.
  4787 | D:5      | Bought a scroll of remove curse for 30 gold pieces
  5578 | D:6      | Reached skill level 11 in Axes
  5742 | D:7      | Reached XP level 9. HP: 72/78 MP: 8/8
  6327 | D:7      | Found a sand-covered staircase.
  6345 | Ossuary  | Entered an ossuary
  6542 | Ossuary  | Reached ***** piety under Trog
  7087 | D:8      | Found Otubulep's Assorted Antiques.
  7103 | D:8      | Reached skill level 12 in Axes
  7237 | D:8      | Noticed Joseph
  7260 | D:8      | Killed Joseph
  7276 | D:8      | Received a gift from Trog
  7281 | D:8      | Reached skill level 13 in Axes
  8038 | D:9      | Noticed a two-headed ogre
  8063 | D:9      | Reached XP level 10. HP: 68/90 MP: 3/9
  8068 | D:9      | Noticed Pikel
  8082 | D:9      | Killed Pikel
  8082 | D:9      | Reached skill level 14 in Axes
  8085 | D:9      | Noticed Erolcha
  8091 | D:9      | Paralysed by Erolcha for 5 turns
  8107 | D:9      | Paralysed by Erolcha for 5 turns
  8112 | D:9      | Slain by Erolcha

Skill      XL: |  1  2  3  4  5  6  7  8  9 10 |
---------------+-------------------------------+-----
Fighting       | 4 5 6 8 |  8.8
Maces & Flails | 4 5 |  5.9
Armour         | 3 |  3.2
Dodging        | 3 |  3.1
Axes           | 2 5 8 11 13 14 | 14.0

Action                   |  1- 3 |  4- 6 |  7- 9 | 10-12 || total
-------------------------+-------+-------+-------+-------++-------
Melee: Mace              |    77 |    65 |   151 |       ||   293
       Headbutt          |    10 |    25 |    46 |     5 ||    86
       War axe           |       |   137 |   123 |       ||   260
       Battleaxe         |       |       |    29 |    26 ||    55
Invok: Berserk           |     2 |     1 |       |       ||     3
       Trog's Hand       |       |       |     2 |       ||     2
  Use: Scroll            |       |       |    19 |       ||    19
       Potion            |       |       |     2 |       ||     2
  Eat: Chunk             |     4 |     6 |    14 |       ||    24
       Ration            |       |       |     1 |       ||     1
Armor: Animal skin       |     4 |       |       |       ||     4
       Chain mail        |    26 |   116 |   151 |    14 ||   307
       Leather armour    |     4 |       |       |       ||     4
Dodge: Dodged            |    45 |   112 |   140 |    17 ||   314
       Deflected         |     7 |    19 |     7 |     2 ||    35
Block: Other             |       |       |       |     4 ||     4
